 Dungeon Crawl Stone Soup version 0.23-a0-512-g50a8178 (webtiles) character file.

6115 theanonym the Basher (level 10, -4/83 HPs)
             Began as a Mummy Warper on Dec 4, 2018.
             Was a High Priest of Qazlal.
             Killed by divine providence
             ... invoked by a meliai
              (11 damage)
             ... on level 13 of the Dungeon.
             The game lasted 00:16:31 (11667 turns).

theanonym the Basher (Mummy Warper)                Turns: 11667, Time: 00:16:31

Health: -4/83      AC: 16    Str: 18    XL:     10   Next: 58%
Magic:  14/14      EV:  5    Int: 13    God:    Qazlal [*****.]
Gold:   626        SH: 13    Dex: 11    Spells: 14/14 levels left

rFire    x . .     SeeInvis .   i - +0 flail
rCold    + . .     Gourm    .   o - +0 shield
rNeg     + + +     Faith    +   c - +0 plate armour
rPois    ∞         Spirit   .   j - +2 hat
rElec    .         Reflect  .   z - +0 cloak
rCorr    .         Harm     .   (no gloves)
MR       ++...                  (no boots)
Stlth    ..........             k - amulet of faith
HPRegen  0.23/turn              x - ring of protection from magic
MPRegen  0.14/turn              g - +3 ring of evasion

@: protected from physical damage, very slightly contaminated, repel missiles
A: no food or potions, fire vulnerability, cold resistance 1, negative energy
resistance 3, torment resistance, unbreathing
a: Upheaval, Elemental Force, Disaster Area, Renounce Religion


Innate Abilities, Weirdness & Mutations

You do not eat or drink.
Your flesh is vulnerable to fire.
You are immune to poison.
Your flesh is cold resistant. (rC+)
You are immune to negative energy. (rN+++)
You are immune to unholy pain and torment.
You can survive without breathing.


   Skills:
 + Level 9.3 Fighting
 * Level 10.8 Maces & Flails
 - Level 0.7 Throwing
 - Level 0.7 Armour
 - Level 1.5 Dodging
 - Level 2.6 Spellcasting
   Level 2.4 Translocations
 - Level 3.1 Invocations


You had 14 spell levels left.
You didn't know any spells.
Your spell library contained the following spells:

 Spells                   Type           Power        Failure   Level  Hunger
 Animate Skeleton         Necr           N/A          100%        1    N/A
 Apportation              Tloc           #.....       100%        1    N/A
 Confusing Touch          Hex            #.....       100%        1    N/A
 Summon Small Mammal      Summ           #...         100%        1    N/A
 Blink                    Tloc           N/A          100%        2    N/A
 Shroud of Golubria       Chrm/Tloc      #.........   100%        2    N/A
 Gell's Gravitas          Tloc           #.........   100%        3    N/A
 Lesser Beckoning         Tloc           #.........   100%        3    N/A
 Teleport Other           Tloc           #.......     100%        3    N/A
 Passage of Golubria      Tloc           N/A          100%        4    N/A

Skill      XL: |  1  2  3  4  5  6  7  8  9 10 |
---------------+-------------------------------+-----
Maces & Flails | 2 3 4 5 6 8 9 10 | 10.8
Fighting       | 3 4 5 6 8 9 |  9.3
Invocations    | 1 2 3 |  3.1
Throwing       | |  0.7
Armour         | |  0.7
Dodging        | |  1.5
Spellcasting   | |  2.6
Translocations | |  2.4

Action                   |  1- 3 |  4- 6 |  7- 9 | 10-12 || total
-------------------------+-------+-------+-------+-------++-------
Melee: Mace              |   179 |   318 |   172 |       ||   669
       Flail             |       |       |   330 |   252 ||   582
Throw: Tomahawk          |     3 |     3 |     3 |       ||     9
Invok: Upheaval          |       |       |     2 |     3 ||     5
Evoke: Wand              |       |       |     8 |       ||     8
  Use: Scroll            |     1 |     3 |     7 |     5 ||    16
 Stab: Invisible         |       |       |     1 |       ||     1
       Paralysed         |       |       |     1 |       ||     1
Armor: Leather armour    |     8 |       |       |       ||     8
       Plate armour      |   191 |   297 |   296 |   107 ||   891
Dodge: Dodged            |    89 |   176 |    91 |    35 ||   391
       Deflected         |       |       |     5 |       ||     5
Block: Other             |       |    34 |       |       ||    34
       Shield            |       |    79 |   306 |   175 ||   560

Inventory:

Hand Weapons
 a - a +0 mace
 i - a +0 flail (weapon)
   (You took it off an orc on level 6 of the Dungeon)
Missiles
 e - 2 tomahawks of dispersal (quivered)
 l - 8 tomahawks
Armour
 c - a +0 plate armour (worn)
   (You found it on level 1 of the Dungeon)
 j - a +2 hat (worn)
   (You found it on level 3 of the Dungeon)
 o - a +0 shield (worn)
   (You found it on level 3 of the Dungeon)
 z - a +0 cloak (worn)
   (You found it on level 9 of the Dungeon)
Magical Staves
 s - an uncursed staff of air {unknown}
   (You found it on level 4 of the Dungeon)
 w - an uncursed staff of power {unknown}
   (You found it on level 8 of the Dungeon)
Jewellery
 g - a +3 ring of evasion (right hand)
   (You found it on level 2 of the Dungeon)
 h - an uncursed ring of magical power
   (You found it on level 5 of the Dungeon)
 k - an amulet of faith (around neck)
   (You found it on level 3 of the Dungeon)
 x - a ring of protection from magic (left hand)
   (You took it off a kobold on level 1 of the Dungeon)
Wands
 d - a wand of digging (1)
   (You took it off Maurice on level 9 of the Dungeon)
 u - a wand of flame (21)
   (You found it on level 7 of the Dungeon)
 v - a wand of enslavement (6)
   (You found it on level 8 of the Dungeon)
Scrolls
 b - 3 scrolls of immolation
 f - 2 scrolls of fog
 m - 2 scrolls of amnesia
 n - 8 scrolls of remove curse
 r - a scroll of identify
 t - 8 scrolls of teleportation {!r}
 B - a scroll of blinking
Miscellaneous
 p - a fan of gales
   (You found it on level 9 of the Dungeon)


You were on level 13 of the Dungeon.
You worshipped Qazlal.
Qazlal was extremely pleased with you.
You were not hungry.

You visited 1 branch of the dungeon, and saw 11 of its levels.

You collected 626 gold pieces.

Dungeon Overview and Level Annotations

Branches:
Dungeon (10/15)            Temple (0/1) D:4            Lair (0/6) D:8
    Orc (0/2) D:9

Altars:
Cheibriados
Dithmenos
Elyvilon
Kikubaaqudgha
Makhleb
Okawaru
Qazlal
Ru
Sif Muna
Uskayaw
Yredelemnul
Zin

Shops:
D:3 * D:6

! ***,,,,,***,,,***,,,,,,,,,,,,,
**,*,,,..,**#.,**...,,,,,,,,,,,
*,,,,,,#..**..,**..*,,,,,,,,,,,
***,,,,,**#.###.,*..###,,,,,,,,,,
*,,,,*,,,,,..#.z**...........o{.?
*,,***,,,,,,^...*#..#*...Y.......
,,***,,,,,,,,#§.,..#*##......{...
*,,*****,*,*###§#z####.....Y.....
,,,***,,,***#..§@###....Y...§....
,,,**,,,,*#*##.§z§#*.......R....#
,,,,,,*,,,..#..##{##.##........##
,,,*,**,,,...y.*#§#.....§..Y.....
,,,*,,,,,.......#§##..{.....#....
,,,,,,,,,.......§§§.....J#.##*,,.
,,,,,,*,,...............h#T#,*,,,
,,**,***,...............##..,,,,,
****** *,,...................,***


You could see a meliai and 3 wights.

Notes
Turn   | Place    | Note
-------+----------+-------------------------------------------
     0 | D:1      | theanonym the Mummy Warper began the quest for the Orb.
     0 | D:1      | Reached XP level 1. HP: 16/16 MP: 4/4
   219 | D:1      | HP: 7/16 [kobold/+0 whip (3)]
   220 | D:1      | Reached skill level 2 in Maces & Flails
   228 | D:1      | Reached XP level 2. HP: 7/22 MP: 5/5
   672 | D:1      | HP: 11/23 [jackal (1)]
   683 | D:1      | Reached XP level 3. HP: 13/28 MP: 7/7
   687 | D:1      | HP: 12/28 [jackal (1)]
   692 | D:1      | HP: 9/28 [jackal (1)]
  1303 | D:2      | Found a white marble altar of Elyvilon.
  1354 | D:2      | Found a faded altar of an unknown god.
  1377 | D:2      | Reached skill level 3 in Maces & Flails
  1550 | D:2      | Noticed a phantom
  1570 | D:2      | HP: 13/28 [phantom (4)]
  1576 | D:2      | HP: 12/28 [phantom (2)]
  1580 | D:2      | Killed a phantom
  1580 | D:2      | Reached skill level 3 in Fighting
  1580 | D:2      | Reached XP level 4. HP: 15/35 MP: 8/8
  1580 | D:2      | Reached XP level 5. HP: 18/41 MP: 9/9
  1964 | D:2      | Became a worshipper of Qazlal Stormbringer
  1964 | D:2      | Reached * piety under Qazlal
  2420 | D:3      | Found Zin's Purification Station.
  2438 | D:3      | Found a glowing silver altar of Zin.
  2575 | D:3      | Reached skill level 4 in Maces & Flails
  2643 | D:3      | Reached ** piety under Qazlal
  2660 | D:3      | Noticed a phantom
  2678 | D:3      | Reached XP level 6. HP: 44/48 MP: 10/10
  2716 | D:3      | HP: 24/48 [hobgoblin/+0 club (3)]
  2721 | D:3      | HP: 19/48 [bat (1)]
  2726 | D:3      | HP: 17/48 [bat (1)]
  2731 | D:3      | HP: 13/48 [bat (1)]
  2733 | D:3      | HP: 6/48 [phantom (7)]
  2734 | D:3      | HP: 2/48 [phantom (2)]
  3101 | D:3      | Reached skill level 4 in Fighting
  3241 | D:3      | Noticed Robin
  3250 | D:3      | Killed Robin
  3276 | D:3      | HP: 24/48 [goblin[Robin] (3)]
  3494 | D:4      | Reached skill level 5 in Maces & Flails
  3612 | D:4      | Found a staircase to the Ecumenical Temple.
  3693 | D:4      | Found a basalt altar of Yredelemnul.
  3695 | D:4      | Noticed Menkaure
  3696 | D:4      | Found an ancient bone altar of Kikubaaqudgha.
  3786 | D:4      | Reached *** piety under Qazlal
  3786 | D:4      | Reached XP level 7. HP: 31/55 MP: 11/11
  3940 | D:4      | Found a transporter.
  3944 | D:4      | Found a transporter.
  3993 | D:4      | Found a hide-covered altar of Uskayaw.
  3993 | D:4      | Found a snail-covered altar of Cheibriados.
  4288 | D:5      | Entered Level 5 of the Dungeon
  4433 | D:5      | HP: 16/55 [ogre/+0 giant club (14)]
  4442 | D:5      | Reached skill level 5 in Fighting
  4756 | D:5      | Reached skill level 6 in Maces & Flails
  5118 | D:5      | Found a stormy altar of Qazlal.
  5192 | D:6      | Reached skill level 1 in Invocations
  5290 | D:6      | You fall through a shaft!
  5340 | D:6      | HP: 27/56 [something (6)]
  5353 | D:6      | Reached XP level 8. HP: 27/63 MP: 12/12
  5670 | D:6      | Found a shadowy altar of Dithmenos.
  5736 | D:6      | Noticed Sigmund
  5754 | D:6      | Killed Sigmund
  5754 | D:6      | Reached skill level 6 in Fighting
  5754 | D:6      | Reached skill level 7 in Maces & Flails
  5862 | D:6      | Found Ede Covosm's Distillery.
  5933 | D:6      | Found a sacrificial altar of Ru.
  6109 | D:6      | Found a deep blue altar of Sif Muna.
  6314 | D:4      | Reached **** piety under Qazlal
  6321 | D:4      | Killed Menkaure
  6505 | D:7      | HP: 28/65 [orc wizard/magic dart (9)]
  6509 | D:7      | Reached skill level 2 in Invocations
  6510 | D:7      | HP: 25/65 [bullfrog (4)]
  6516 | D:7      | HP: 22/65 [bullfrog (4)]
  6794 | D:7      | HP: 31/65 [orc warrior/+0 halberd (20)]
  6807 | D:7      | HP: 15/65 [orc wizard/magic dart (7)]
  6817 | D:7      | HP: 7/65 [orc wizard/magic dart (10)]
  7569 | D:8      | HP: 30/65 [centaur (4)]
  7570 | D:8      | Reached skill level 8 in Maces & Flails
  7570 | D:8      | Reached XP level 9. HP: 33/71 MP: 13/13
  7617 | D:8      | HP: 28/71 [gnoll/+0 halberd (8)]
  7624 | D:8      | HP: 26/71 [gnoll/+0 halberd (3)]
  8107 | D:8      | Found a burning altar of Makhleb.
  8125 | D:8      | Noticed Grum
  8135 | D:8      | Reached skill level 7 in Fighting
  8135 | D:8      | HP: 35/72 [Grum/+0 halberd (2)]
  8137 | D:8      | Killed Grum
  8137 | D:8      | Reached skill level 3 in Invocations
  8140 | D:8      | HP: 29/72 [orc (2)]
  8180 | D:8      | Found an iron altar of Okawaru.
  8461 | D:8      | Found a staircase to the Lair.
  8685 | D:9      | Noticed Psyche
  8695 | D:9      | Killed Psyche
  8795 | D:9      | Reached skill level 9 in Maces & Flails
  8831 | D:9      | HP: 32/73 [orc priest/divine providence (13)]
  8912 | D:9      | HP: 36/73 [hippogriff (2)]
  8917 | D:9      | HP: 17/73 [hippogriff (2)]
  9207 | D:9      | You fall through a shaft!
  9207 | D:10     | Entered Level 10 of the Dungeon
  9216 | D:10     | Noticed a gargoyle
  9245 | D:10     | Reached skill level 8 in Fighting
  9251 | D:10     | HP: 34/74 [yak (5)]
  9256 | D:10     | HP: 33/74 [yak (1)]
  9262 | D:10     | Reached XP level 10. HP: 37/81 MP: 14/14
  9298 | D:10     | HP: 37/81 [yak (8)]
  9306 | D:10     | HP: 25/81 [yak (4)]
  9739 | D:9      | Reached skill level 10 in Maces & Flails
  9786 | D:9      | Reached ***** piety under Qazlal
 10034 | D:9      | Noticed Maurice
 10048 | D:9      | HP: 41/82 [orc/+0 war axe (4)]
 10062 | D:9      | HP: 34/82 [swamp drake (2)]
 10068 | D:9      | Killed Maurice
 10070 | D:9      | Reached skill level 9 in Fighting
 10348 | D:9      | HP: 38/83 [orc warrior/+0 hand axe (8)]
 10353 | D:9      | HP: 30/83 [orc warrior/+0 hand axe (9)]
 10366 | D:9      | HP: 31/83 [orc wizard/magic dart (2)]
 10392 | D:9      | HP: 34/83 [orc wizard/cursed -2 dagger (3)]
 10403 | D:8      | HP: 28/83 [orc warrior/+0 battleaxe (8)]
 10800 | D:9      | Found a staircase to the Orcish Mines.
 11468 | D:9      | Found a staircase to the Orcish Mines.
 11654 | D:10     | You fall through a shaft for 3 floors!
 11655 | D:13     | HP: 32/83 [efreet/fireball (51)]
 11658 | D:13     | HP: 9/83 [efreet/bolt of fire (9)]
 11667 | D:13     | Killed from afar by a meliai

Vanquished Creatures
  Maurice (D:9)
  Psyche (D:9)
  A hippogriff (D:9)
  Sigmund (D:6)
  5 yaks (D:10)
  A wyvern (D:9)
  A hungry ghost (D:9)
  Grum (D:8)
  Menkaure (D:4)
  A water moccasin (D:6)
  A black bear (D:9)
  A swamp drake (D:9)
  2 orc warriors
  3 sky beasts
  2 phantoms
  A necrophage (D:6)
  3 wolves (D:8)
  4 ogres
  A centaur (D:8)
  2 big kobolds
  3 bullfrogs
  3 scorpions
  4 wights (D:10)
  4 killer bees (D:9)
  3 howler monkeys
  3 crimson imps
  3 jellies
  A bullfrog zombie (D:9)
  4 orc priests (D:9)
  3 hounds
  A gnoll shaman (D:7)
  7 orc wizards
  A bullfrog skeleton (D:7)
  A centaur skeleton (D:5)
  An iguana (D:10)
  5 worker ants
  A hound zombie (D:5)
  A hound skeleton (D:4)
  A worker ant zombie (D:9)
  Robin (D:3)
  5 gnolls (D:8)
  11 adders
  A howler monkey skeleton (D:7)
  2 shadow imps
  2 oozes (D:1)
  An adder zombie (D:4)
  An adder skeleton (D:5)
  3 worms
  4 dart slugs
  3 leopard geckos
  28 orcs
  6 ball pythons
  6 giant cockroaches
  15 goblins
  18 hobgoblins
  10 jackals
  15 kobolds
  2 quokkas
  10 bats
  8 frilled lizards
  2 jackal skeletons (D:5)
  A leopard gecko skeleton (D:8)
  A leopard gecko zombie (D:4)
  A quokka skeleton (D:6)
  10 rats
251 creatures vanquished.

Vanquished Creatures (collateral kills)
  An orc (D:9)
1 creature vanquished.

Vanquished Creatures (others)
  A leopard gecko (D:9)
  An orc (D:9)
  A hobgoblin (D:2)
3 creatures vanquished.

Grand Total: 255 creatures vanquished

Table legend:
 A = Turns spent in this place as a percentage of turns spent in the entire game.
 B = Non-inter-level travel turns spent in this place as a percentage of non-inter-level travel turns spent in the entire game.
 C = Inter-level travel turns spent in this place as a percentage of turns spent in this place.
 D = Turns resting spent in this place as a percentage of non-inter-level travel turns spent in this place.
 E = Turns spent auto-exploring this place as a percentage of non-inter-level travel turns spent in this place.
 F = Non-inter-level travel turns spent in this place divided by the number of levels of this place that you've seen.
                   A       B       C       D       E      F
               +-------+-------+-------+-------+-------+----------------------
         Total | 100.0 | 100.0 |   4.6 |  35.9 |  45.0 | 1012.2
       Dungeon | 100.0 | 100.0 |   4.6 |  35.9 |  45.0 | 1012.2
               +-------+-------+-------+-------+-------+----------------------
